 Dungeon Crawl Stone Soup version 0.28-a0-413-gde365fb1df (webtiles) character file.

Game seed: 2707618651215991403

3181 wakim the Basher (level 9, -2/75 HPs)
             Began as a Minotaur Gladiator on Sept 7, 2021.
             Was an Initiate of Okawaru.
             Slain by an orc knight (25 damage)
             ... in a bailey.
             The game lasted 00:17:31 (6879 turns).

wakim the Basher (Minotaur Gladiator)               Turns: 6879, Time: 00:17:31

Health: -2/75      AC: 10    Str: 21    XL:     9   Next: 63%
Magic:  8/8        EV: 13    Int:  7    God:    Okawaru [......]
Gold:   59         SH:  0    Dex: 11    Spells: 8/8 levels left

rFire   . . .      SeeInvis .   b - -1 demon whip
rCold   . . .      Faith    +   (no shield)
rNeg    . . .      Spirit   .   f - +0 troll leather armour
rPois   .          Reflect  .   c - +0 hat
rElec   .          Harm     .   l - +0 cloak
rCorr   .          Rampage  .   (no gloves)
Will    .....                   (no boots)
Stlth   +.........              m - amulet of faith
HPRegen 1.22/turn               e - +4 ring of slaying
MPRegen 0.11/turn               q - +4 ring of protection

@: no status effects
A: horns 2, retaliatory headbutt
a: Renounce Religion


You were in a bailey.
You worshipped Okawaru.
Okawaru was noncommittal.
You visited 2 branches of the dungeon, and saw 9 of its levels.
You also visited: Ossuary and Bailey.

You collected 209 gold pieces.
You spent 150 gold pieces at shops.

Inventory:

Hand Weapons
 a - a +1 quarterstaff
 b - a -1 demon whip (weapon)
Missiles
 g - 21 poisoned darts
 j - 4 throwing nets (quivered) {=f!f}
 p - 7 javelins
Armour
 c - a +0 hat (worn)
 f - a +0 troll leather armour (worn)
 l - a +0 cloak (worn)
 n - the +1 plate armour of Jaulut {Int+4}
   (You found it on level 7 of the Dungeon)

   Int:       It affects your intelligence (+4).
Jewellery
 d - an amulet of reflection
 e - a +4 ring of slaying (left hand)
 k - a ring of flight
 m - an amulet of faith (around neck)
 q - a +4 ring of protection (right hand)
Wands
 u - a wand of mindburst (17)
 v - a wand of iceblast (6)
 x - a wand of charming (8)
 y - a wand of paralysis (7)
Scrolls
 R - 2 scrolls of magic mapping {!r}
 T - 11 scrolls of teleportation
Potions
 h - a potion of lignification {unknown}
 i - a potion of haste
 o - a potion of attraction {unknown}
 s - a potion of might {unknown}
 t - a potion of brilliance {unknown}
 A - 2 potions of ambrosia
 C - 2 potions of berserk rage {!q}
 F - 5 potions of curing
 G - 3 potions of flight
 J - 3 potions of heal wounds
 M - 3 potions of mutation {!q}


   Skills:
 - Level 6.0 Fighting
 * Level 8.4(9.8) Maces & Flails
 - Level 8.0(9.6) Staves
 - Level 4.1 Throwing
 + Level 7.8 Armour
 - Level 6.0 Dodging


You had 8 spell levels left.
You didn't know any spells.
Your spell library contained the following spells:

 Spells                   Type           Power      Damage    Failure   Level
 Pain                     Necr           0%         1d4       47%         1
 Ignite Poison            Fire/Tmut/Pois 0%         N/A       85%         3
 Mephitic Cloud           Conj/Pois/Air  0%         N/A       85%         3
 Vampiric Draining        Necr           0%         2d6       85%         3
 Freezing Cloud           Conj/Ice/Air   0%         6-21      100%        5
 Iskenderun's Battlesphe  Conj           0%         2d6       100%        5
 Iron Shot                Conj/Erth      0%         9d1       100%        6
 Animate Skeleton         Necr           Unusable   N/A       N/A         1
 Spellforged Servitor     Conj/Summ      Unusable   N/A       N/A         7

Dungeon Overview and Level Annotations

Branches:
Dungeon (8/15)             Temple (1/1) D:4         Ossuary (visited)
 Bailey (1/1)
   Lair: D:8-11

Altars:
Ashenzari
Dithmenos
Elyvilon
Fedhas
Gozag
Okawaru
Ru
Trog
Uskayaw
Vehumet
Wu Jian
Yredelemnul

Shops:
D:2 :   D:4 :   D:6 *

Annotations:
D:4 3 runed translucent doors, Redear's ghost, amateur DjBe


Innate Abilities, Weirdness & Mutations

You have a pair of horns on your head.
You reflexively headbutt those who attack you in melee.


Message History

You whack the orc knight! You headbutt the orc knight.
The orc knight is moderately wounded.
The gnoll hits you but does no damage.
You hit the orc knight. Your headbutt misses the orc knight.
The orc knight is moderately wounded.
The goblin hits you but does no damage.
The orc knight hits you with a +0 war axe.
You miss the orc knight. You headbutt the orc knight!
The orc knight is heavily wounded.
The gnoll closely misses you.
You hit the orc knight.
The orc knight is heavily wounded.
The goblin barely misses you. You furiously retaliate!
You headbutt the goblin!
You kill the goblin!
Okawaru accepts your kill.
The orc knight hits you with a +0 war axe!!
You whack the orc knight! Your headbutt misses the orc knight.
The orc knight is severely wounded.
The gnoll hits you but does no damage.
The orc knight hits you with a +0 war axe.
You whack the orc knight! Your headbutt misses the orc knight.
The orc knight is severely wounded.
The gnoll misses you.
You miss the orc knight.
The orc knight is severely wounded.
The orc knight hits you with a +0 war axe!!
* * * LOW HITPOINT WARNING * * *
You hit the orc knight. Your headbutt misses the orc knight.
The orc knight is severely wounded.
The gnoll hits you but does no damage.
You barely miss the orc knight.
The orc knight is severely wounded.
The orc knight closely misses you.
You closely miss the orc knight.
You headbutt the orc knight, but do no damage.
The orc knight is severely wounded.
The gnoll hits you with a +0 hand axe!
* * * LOW HITPOINT WARNING * * *
The orc knight hits you with a +0 war axe!!
You die...

#≈≈≈≈≈# #≈≈≈≈≈#
#≈≈≈≈≈### #≈≈≈≈≈≈.#
######.≈≈≈≈≈.#
#......≈≈≈≈≈.#++###
###......≈≈≈≈≈.#.....
#....o.........'.....
#∩..@g.........'..⌠..
#....).........'.....
###......≈≈≈≈≈.#.....
#......≈≈≈≈≈.#++###
######.≈≈≈≈≈.#
#≈≈≈≈≈≈.# #≈≈≈≈≈###
#≈≈≈≈≈#


You could see an orc knight and a gnoll.

Vanquished Creatures
  Pikel (D:7)
  3 yaks (D:8)
  A steam dragon (D:5)
  Menkaure (D:4)
  A water moccasin (D:7)
  An orc warrior (Bailey)
  An ice beast (D:7)
  2 centaurs
  A phantom (D:7)
  A lemure (D:6)
  2 bullfrogs
  A wyvern zombie (D:8)
  5 water moccasin zombies (Ossuary)
  3 scorpions (D:6)
  2 howler monkeys
  An electric eel (Bailey)
  3 jellies
  2 bullfrog skeletons
  An orc priest (D:3)
  A hound (D:4)
  A gnoll shaman (D:6)
  2 iguanas
  3 orc wizards
  A hound zombie (D:5)
  2 mummies (Ossuary)
  Robin (D:4)
  4 gnolls (D:6)
  11 adders
  A howler monkey skeleton (D:5)
  A shadow imp (D:8)
  4 white imps
  2 ufetubi
  3 adder zombies (Ossuary)
  2 worms (D:2)
  A dart slug (D:1)
  25 orcs
  4 bats
  8 endoplasms
  5 giant cockroaches
  2 gnoll zombies (Ossuary)
  6 hobgoblins
  5 jackals
  6 quokkas
  6 ball pythons
  4 frilled lizards
  23 goblins
  2 hobgoblin zombies (Ossuary)
  4 kobolds
  6 kobold zombies (Ossuary)
  6 orc zombies (Ossuary)
  3 rats
188 creatures vanquished.

Notes
Turn   | Place    | Note
-------+----------+-------------------------------------------
     0 | D:1      | wakim the Minotaur Gladiator began the quest for the Orb.
     0 | D:1      | Reached XP level 1. HP: 18/18 MP: 0/0
   133 | D:1      | Found a faded altar of an unknown god.
   226 | D:1      | Reached XP level 2. HP: 25/25 MP: 1/1
   500 | D:1      | Reached skill level 1 in Armour
   599 | D:1      | Reached XP level 3. HP: 30/30 MP: 2/2
   886 | D:2      | Reached XP level 4. HP: 30/38 MP: 3/3
  1029 | D:2      | Found Zoesseto's Book Boutique.
  1619 | D:3      | Reached skill level 5 in Staves
  1619 | D:3      | Reached XP level 5. HP: 30/45 MP: 4/4
  1686 | D:3      | Found a broken altar of Ashenzari.
  2159 | D:4      | Noticed Robin
  2177 | D:4      | Found a sand-covered staircase.
  2188 | Ossuary  | Entered an ossuary
  2246 | Ossuary  | Reached XP level 6. HP: 50/52 MP: 5/5
  2351 | D:4      | Reached XP level 7. HP: 59/59 MP: 6/6
  2375 | D:4      | Found a staircase to the Ecumenical Temple.
  2378 | D:4      | Killed Robin
  2452 | D:4      | Noticed Menkaure
  2456 | D:4      | Killed Menkaure
  2549 | D:4      | Identified the +0 ring mail of Autotheism {Int+2}
  2572 | D:4      | Reached skill level 5 in Dodging
  2586 | D:4      | Found a basalt altar of Yredelemnul.
  2667 | D:4      | Found a shadowy altar of Dithmenos.
  2829 | D:4      | Found Backomp's Book Boutique.
  3065 | D:4      | Found a runed translucent gate.
  3071 | D:4      | Noticed Redear's ghost (amateur DjBe)
  3072 | D:4      | Found a runed translucent gate.
  3073 | D:4      | Found a runed translucent gate.
  3409 | D:5      | Entered Level 5 of the Dungeon
  3673 | D:5      | Noticed a steam dragon
  3682 | D:5      | Killed a steam dragon
  3683 | D:5      | Reached skill level 5 in Fighting
  3683 | D:5      | Reached XP level 8. HP: 60/68 MP: 7/7
  4440 | D:6      | Found Gobliyqo's Lightly-Used Armoury.
  4448 | D:6      | Bought a -1 demon whip for 150 gold pieces
  4552 | D:6      | Reached skill level 1 in Maces & Flails
  4608 | D:6      | Reached skill level 5 in Armour
  4887 | D:6      | Found a radiant altar of Vehumet.
  4960 | D:6      | Found a hide-covered altar of Uskayaw.
  5285 | D:6      | Found a bloodstained altar of Trog.
  5347 | D:7      | Noticed Pikel
  5508 | D:7      | Identified the +1 plate armour of Jaulut {Int+4}
  5830 | D:7      | Reached skill level 5 in Maces & Flails
  5830 | D:7      | Reached XP level 9. HP: 73/75 MP: 8/8
  5914 | D:7      | Killed Pikel
  6506 | Temple   | Entered the Ecumenical Temple
  6582 | Temple   | Became a worshipper of Warmaster Okawaru
  6827 | D:8      | Found a flagged portal.
  6834 | Bailey   | Entered a bailey
  6853 | Bailey   | Noticed an orc knight
  6879 | Bailey   | Slain by an orc knight

Illustrated notes

Levels and vault maps discovered:
D:1:      minmay_arrival_shoal_huts, layout_basic,
          shapermc_ecumenical_altar_venn, kennysheep_decorative_pillar,
          hangedman_decor_opposing
D:2:      layout_loops_ring, serial_shops, shop
D:3:      layout_rooms, mainiacjoe_overflow_brackets
D:4:      layout_basic, marbit_many_paths, nicolae_dithmenos_the_darkroom,
          minmay_temple_entry_glassed_door, enter_ossuary_1, serial_shops, shop,
          ebering_ghost_rock_garden, minivault_24, uniq_robin, uniq_menkaure
D:5:      layout_gridville, serial_park_tiny_1, grunt_decor_one_mirror,
          minmay_holes
D:6:      layout_loops_ring, minitemple, general_overflow_altar,
          kennysheep_flooded_box, minmay_shop_damaged
D:7:      layout_layer_cave, grunt_ministairs_5, uniq_pikel
D:8:      layout_loops_ring, enter_bailey_3, hellmonk_guarded_unrand_lears,
          uniq_joseph
Temple:   hc_temple_tempest_star
Bailey:   bailey_axe_of_yendor_kennysheep, bailey

Skill      XL: |  1  2  3  4  5  6  7  8  9 |
---------------+----------------------------+-----
Staves         | 4 5 6 7 8 |  8.0
Armour         | 1 2 3 4 6 7 |  7.8
Fighting       | 3 4 5 6 |  6.0
Dodging        | 4 5 6 |  6.0
Throwing       | 3 4 |  4.1
Maces & Flails | 5 8 |  8.4

Action                   |  1- 3 |  4- 6 |  7- 9 || total
-------------------------+-------+-------+-------++-------
Melee: Quarterstaff      |    36 |   133 |    78 ||   247
       Headbutt          |     6 |    20 |    43 ||    69
       Demon whip        |       |       |   145 ||   145
  Use: Scroll            |       |    10 |     4 ||    14
 Stab: Sleeping          |     1 |     1 |       ||     2
Armor: Leather armour    |     1 |       |       ||     1
       Troll leather arm |    13 |    52 |    59 ||   124
Dodge: Dodged            |    22 |    71 |   111 ||   204
Block: Other             |       |       |    18 ||    18

Table legend: (Time is in decaauts)
 A = Elapsed time spent in this place.
 B = Non-inter-level travel time spent in this place.
 C = Inter-level travel time spent in this place.
 D = Time resting spent in this place.
 E = Time spent auto-exploring this place.
 F = Levels seen in this place.
 G = Mean time per level.
                   A        B        C        D        E       F      G
               +--------+--------+--------+--------+--------+-----+--------+
         Total |   6853 |   6173 |    680 |    100 |   4804 |  11 |  623.0 |
       Dungeon |   6565 |   5899 |    666 |    100 |   4731 |   8 |  820.6 |
        Temple |     91 |     77 |     14 |      0 |     65 |   1 |   91.0 |
       Ossuary |    157 |    157 |      0 |      0 |      2 |   1 |  157.0 |
        Bailey |     38 |     38 |      0 |      0 |      6 |   1 |   38.0 |
               +--------+--------+--------+--------+--------+-----+--------+

Top non-repeatable levels by time:
     D:4: 1255 daAuts
     D:6: 1140 daAuts
     D:5: 980 daAuts
     D:7: 934 daAuts
     D:1: 844 daAuts
     D:3: 685 daAuts
     D:2: 653 daAuts
 Ossuary: 157 daAuts
  Temple: 91 daAuts
     D:8: 70 daAuts
  Bailey: 38 daAuts
